 Dungeon Crawl Stone Soup version 0.22-a0-417-g1387785 (webtiles) character file.

22193 iamserjio the Geomancer (level 13, -2/100 HPs)
             Began as a Formicid Earth Elementalist on May 14, 2018.
             Was an Elder of Kikubaaqudgha.
             Killed from afar by Frances (34 damage)
             ... with a shard of ice
             ... on level 12 of the Dungeon.
             The game lasted 01:00:38 (20025 turns).

iamserjio the Geomancer (FoEE)                     Turns: 20025, Time: 01:00:39

Health: -2/100     AC:  7    Str: 13    XL:     13   Next: 25%
Magic:  0/27       EV: 16    Int: 20    God:    Kikubaaqudgha [****..]
Gold:   732        SH:  0    Dex: 11    Spells: 10/32 levels left

rFire    . . .     SeeInvis +   w - +2 short sword (holy)
rCold    . . .     Gourm    .   (no shield)
rNeg     + . .     Faith    .   L - +0 troll leather armour
rPois    .         Spirit   +   (helmet unavailable)
rElec    .         Reflect  .   (no cloak)
rCorr    .         Harm     .   (no gloves)
MR       +....                  p - +1 pair of boots
Stlth    +++.......             k - amulet of guardian spirit
HPRegen  0.66/turn              C - +4 ring of evasion
MPRegen  0.20/turn              n - ring of positive energy

@: no status effects
A: permanent stasis, dig shafts and tunnels, four strong arms, antennae 3
a: Dig, Shaft Self, Receive Corpses, Renounce Religion


You were on level 12 of the Dungeon.
You worshipped Kikubaaqudgha.
Kikubaaqudgha was greatly pleased with you.
You were hungry.

You visited 2 branches of the dungeon, and saw 13 of its levels.

You collected 803 gold pieces.
You spent 71 gold pieces at shops.

Inventory:

Hand Weapons
 f - a +2 short sword of freezing
 l - a +1 war axe of flaming
 w - a +2 short sword of holy wrath (weapon)
 x - a +0 dagger of draining
 E - a +3 morningstar of freezing
 H - a +4 trident
 J - a cursed -3 whip
Missiles
 b - 70 stones (quivered)
Armour
 p - a +1 pair of boots (worn)
 B - the +2 robe of Defence {rPois}
   (You found it on level 5 of the Dungeon)

   It protects you from poison.
 K - a +1 robe of cold resistance
 L - a +0 troll leather armour (worn)
 N - a +2 leather armour of positive energy
Magical Staves
 d - an uncursed staff of summoning
Jewellery
 e - an uncursed amulet of faith
 k - an amulet of guardian spirit (around neck)
 n - a ring of positive energy (right hand)
 u - an uncursed ring of ice
 z - an uncursed ring of poison resistance
 C - a +4 ring of evasion (left hand)
 T - an uncursed ring of protection from magic
Wands
 s - a wand of polymorph (21)
 D - a wand of disintegration (12)
Scrolls
 g - 4 scrolls of fear
 h - 2 scrolls of immolation
 j - 3 scrolls of enchant weapon
 m - 2 scrolls of magic mapping
 o - 5 scrolls of amnesia
 r - 10 scrolls of teleportation
 t - 9 scrolls of remove curse
 y - 5 scrolls of fog
 A - a scroll of brand weapon
 M - a scroll of summoning {unknown}
 Q - a scroll of random uselessness {unknown}
 S - a scroll of torment
 U - 3 scrolls of identify
Potions
 a - 4 potions of heal wounds
 c - 2 potions of flight {unknown}
 i - a potion of mutation
 q - a potion of brilliance
 v - 2 potions of ambrosia
 F - a potion of lignification {unknown}
 I - 2 potions of curing
 O - a potion of agility {unknown}
 R - a potion of invisibility {unknown}
Comestibles
 G - 13 rations
 P - 3 chunks of flesh


   Skills:
 + Level 8.9 Fighting
 - Level 6.0 Armour
 - Level 1.9 Dodging
 - Level 8.1 Stealth
 + Level 10.1 Spellcasting
 * Level 10.1 Necromancy
 - Level 1.1 Transmutations
 + Level 13.4 Earth Magic


You had 10 spell levels left.
You knew the following spells:

 Your Spells              Type           Power        Failure   Level  Hunger
a - Sandblast             Erth           ######       1%          1    None
b - Passwall              Tmut/Erth      #####.....   1%          2    None
c - Stone Arrow           Conj/Erth      #####.       1%          3    None
d - Lee's Rapid Deconstr  Erth           ######....   1%          5    ####...
e - Regeneration          Chrm/Necr      ####......   3%          3    None
f - Sublimation of Blood  Necr           ######....   1%          2    None
g - Borgnjor's Vile Clut  Necr/Erth      ######....   1%          5    ####...
h - Animate Skeleton      Necr           N/A          1%          1    None

Your spell library contained the following spells:

 Spells                   Type           Power        Failure   Level  Hunger
 Bolt of Draining         Conj/Necr      ####......   28%         5    ####...
 Pain                     Necr           ####         1%          1    None
 Dispel Undead            Necr           ######..     3%          5    ####...
 Simulacrum               Ice/Necr       ####......   85%         6    ######.
 Excruciating Wounds      Chrm/Necr      ####......   28%         5    ####...
 Petrify                  Tmut/Erth      #####...     4%          4    ##.....


Dungeon Overview and Level Annotations

Branches:
Dungeon (12/15)            Temple (1/1) D:7            Lair (0/6) D:8
    Orc (0/2) D:9

Altars:
Ashenzari
Cheibriados
Dithmenos
Gozag
Hepliaklqana
Kikubaaqudgha
Makhleb
Nemelex Xobeh
Qazlal
Ru
Sif Muna
Uskayaw
Wu Jian
Xom
Yredelemnul
Zin
The Shining One

Shops:
D:5 ?

Annotations:
D:12 Frances


Innate Abilities, Weirdness & Mutations

You cannot be hasted, slowed, berserked, paralysed or teleported.
You can dig through walls and to a lower floor.
Your four strong arms can wield two-handed weapons with a shield.
You have a pair of large antennae on your head. (SInv)


Message History

Frances struggles to escape constriction.
The soul eater struggles to escape constriction.
The rust devil escapes!
The zombie hands lose their grip on something.
The zombie hands constrict Frances.
Frances struggles to escape constriction.
The sixfirhy barely misses you.
Frances escapes!
Okay, then.
Evoke which item? (* to show all) (? for menu, Esc to quit)
Okay, then.
Casting: Borgnjor's Vile Clutch (safe; 1% risk of failure)
Confirm with . or Enter, or press ? or * to list all spells.
Okay, then.
The sixfirhy hits you! The sixfirhy shocks you!
The sixfirhy completely misses you. The sixfirhy hits you!
The sixfirhy shocks you!
Frances whispers indecipherable words.
The shard of ice hits you!
You die...
Kikubaaqudgha rasps: "You have failed me!
Welcome... death!"

..................###....##......
.....................3..##.......
........................#........
...................4.@..#......≈#
........................#......##
.................3......'......#
........................'......#
........................#......##
................@.......#......≈#
........................#........
........................##.......
#........................##......
..........................##.....
###..........#...........(.##....
#.##.###..###<#.#.#......###...
####.# #..# ##.##..#....#.#####
## ### ##############


You could see Frances, a soul eater, a rust devil and a sixfirhy.

Vanquished Creatures
  A hydra (D:11)
  2 centaur warriors (D:11)
  2 two-headed ogres
  3 death yaks
  The ghost of Totori the Fighter, a journeyman VSFi of Uskayaw (D:9)
  3 unseen horrors
  A wolf spider zombie (D:12)
  An ugly thing (D:11)
  2 manticores
  A centaur zombie (D:11)
  Psyche (D:9)
  2 trolls
  5 slime creatures
  3 hippogriffs
  A shadow (D:11)
  17 yaks
  A wyvern (D:8)
  2 hogs (D:8)
  A human (D:8)
  4 vampire mosquitoes (D:12)
  Grum (D:10)
  A water moccasin (D:6)
  3 porcupines (D:8)
  2 black bears
  5 orc warriors
  3 ice beasts
  3 sky beasts
  2 eyes of draining
  10 ogres
  4 wolves (D:10)
  5 phantoms
  6 centaurs
  2 crocodiles
  A big kobold (D:9)
  10 bullfrogs
  3 scorpions
  8 killer bees
  7 wights (D:8)
  An electric eel (D:9)
  A howler monkey (D:4)
  A bullfrog zombie (D:7)
  8 crimson imps
  A jelly (D:7)
  2 quasits (D:8)
  A hound (D:11)
  5 bullfrog skeletons
  2 orc priests (D:10)
  7 orc wizards
  Terence (D:2)
  3 iguanas
  2 hell rats (D:8)
  8 worker ants
  A hound zombie (D:10)
  A worker ant zombie (D:6)
  4 gnolls
  A howler monkey skeleton (D:10)
  2 river rats (D:8)
  6 adders
  A hound simulacrum (D:11)
  3 shadow imps
  An ooze (D:3)
  2 adder skeletons
  An adder zombie (D:8)
  2 dart slugs
  2 worms
  5 leopard geckos
  35 orcs
  4 ball pythons
  6 giant cockroaches
  6 goblins (D:1)
  5 hobgoblins
  20 jackals
  4 quokkas
  6 bats
  5 frilled lizards
  A jackal zombie (D:6)
  18 kobolds
  A quokka zombie (D:7)
  9 rats
325 creatures vanquished.

Vanquished Creatures (collateral kills)
  A centaur (D:11)
  An adder (D:11)
2 creatures vanquished.

Grand Total: 327 creatures vanquished

Notes
Turn   | Place    | Note
-------+----------+-------------------------------------------
     0 | D:1      | iamserjio the Formicid Earth Elementalist began the quest for the Orb.
     0 | D:1      | Reached XP level 1. HP: 13/13 MP: 3/3
   320 | D:1      | Reached XP level 2. HP: 19/19 MP: 5/5
   491 | D:1      | Reached skill level 4 in Earth Magic
   828 | D:1      | Reached XP level 3. HP: 24/24 MP: 6/6
  1823 | D:2      | Found a burning altar of Makhleb.
  2054 | D:2      | Reached XP level 4. HP: 30/30 MP: 8/8
  2065 | D:2      | Learned a level 2 spell: Passwall
  2069 | D:2      | Learned a level 3 spell: Stone Arrow
  2072 | D:2      | Noticed Terence
  2937 | D:3      | Reached skill level 5 in Earth Magic
  3400 | D:3      | Reached XP level 5. HP: 31/35 MP: 7/9
  4297 | D:2      | Killed Terence
  4297 | D:2      | Reached skill level 6 in Earth Magic
  4517 | D:3      | Reached XP level 6. HP: 17/41 MP: 9/11
  5229 | D:4      | Reached skill level 7 in Earth Magic
  5730 | D:4      | Noticed an ogre
  5735 | D:4      | Killed an ogre
  5735 | D:4      | Reached XP level 7. HP: 20/46 MP: 9/13
  6125 | D:4      | Reached skill level 8 in Earth Magic
  6229 | D:5      | Entered Level 5 of the Dungeon
  6250 | D:5      | Reached skill level 5 in Spellcasting
  6364 | D:5      | Reached XP level 8. HP: 44/52 MP: 10/15
  6460 | D:5      | Found Watech's Magic Scroll Boutique.
  6473 | D:5      | Reached skill level 9 in Earth Magic
  6483 | D:5      | Bought a scroll of remove curse for 33 gold pieces
  6483 | D:5      | Bought a scroll of immolation for 38 gold pieces
  6575 | D:5      | Got a creamy pearl robe
  6586 | D:5      | Identified the +2 robe of Defence {rPois} (You found it on level 5 of the Dungeon)
  7749 | D:6      | Noticed a troll
  7760 | D:6      | Killed a troll
  7760 | D:6      | Reached skill level 1 in Fighting
  7760 | D:6      | Reached skill level 10 in Earth Magic
  7956 | D:6      | Learned a level 5 spell: Lee's Rapid Deconstruction
  8048 | D:6      | Reached XP level 9. HP: 41/61 MP: 8/18
  8178 | D:6      | Found a hazy altar of Hepliaklqana.
  8765 | D:7      | Got a pitted leather armour
  8814 | D:7      | Reached skill level 11 in Earth Magic
  9114 | D:7      | Found a staircase to the Ecumenical Temple.
  9157 | D:7      | Reached skill level 5 in Stealth
  9171 | Temple   | Entered the Ecumenical Temple
  9228 | Temple   | Became a worshipper of Kikubaaqudgha
  9260 | D:7      | Identified the +3 leather armour of Elyvilon's Hope {-Cast rElec Str+3 Stlth+} (You found it on level 7 of the Dungeon)
  9857 | D:8      | Reached skill level 1 in Necromancy
  9948 | D:8      | Reached skill level 1 in Armour
 10190 | D:8      | Noticed a manticore
 10217 | D:8      | Reached XP level 10. HP: 57/71 MP: 14/20
 10274 | D:8      | Killed a manticore
 10284 | D:8      | Reached * piety under Kikubaaqudgha
 10284 | D:8      | Identified Kikubaaqudgha's Almanac of Evil (Kikubaaqudgha gifted it to you on level 8 of the Dungeon)
 10284 | D:8      | Received a gift from Kikubaaqudgha
 10348 | D:8      | Learned a level 3 spell: Regeneration
 10351 | D:8      | Learned a level 2 spell: Sublimation of Blood
 10492 | D:8      | Found a staircase to the Lair.
 10500 | D:8      | Noticed a death yak
 10500 | D:8      | Noticed a death yak
 10513 | D:8      | Noticed a death yak
 10545 | D:7      | Killed a death yak
 10905 | D:8      | Noticed a two-headed ogre
 10912 | D:8      | Killed a two-headed ogre
 10912 | D:8      | Reached skill level 5 in Fighting
 11100 | D:8      | Reached skill level 5 in Necromancy
 11558 | D:8      | Reached XP level 11. HP: 74/80 MP: 18/22
 11652 | D:8      | Reached skill level 12 in Earth Magic
 11846 | D:7      | Killed a death yak
 12135 | D:8      | Killed a death yak
 12368 | D:8      | Reached skill level 5 in Armour
 13106 | D:9      | Noticed Psyche
 13111 | D:9      | Killed Psyche
 13117 | D:9      | Reached ** piety under Kikubaaqudgha
 13657 | D:9      | Found a staircase to the Orcish Mines.
 13920 | D:9      | Noticed a two-headed ogre
 14634 | D:9      | Reached XP level 12. HP: 72/89 MP: 18/24
 14723 | D:9      | Noticed Totori's ghost (journeyman VSFi)
 14762 | D:9      | Killed Totori's ghost
 14884 | D:9      | Killed a two-headed ogre
 15490 | D:10     | Entered Level 10 of the Dungeon
 15702 | D:10     | Reached *** piety under Kikubaaqudgha
 15702 | D:10     | Identified Kikubaaqudgha's Collected Works on Sinister Rites (Kikubaaqudgha gifted it to you on level 10 of the Dungeon)
 15702 | D:10     | Received a gift from Kikubaaqudgha
 15711 | D:10     | Learned a level 5 spell: Borgnjor's Vile Clutch
 16080 | D:10     | Noticed Grum
 16092 | D:10     | Killed Grum
 16635 | D:10     | Noticed an unseen horror
 16659 | D:10     | Killed an unseen horror
 17185 | D:11     | Learned a level 1 spell: Animate Skeleton
 17441 | D:11     | Noticed an unseen horror
 17474 | D:11     | Killed an unseen horror
 18254 | D:11     | Noticed an unseen horror
 18259 | D:11     | Noticed an eight-headed hydra
 18271 | D:11     | Reached **** piety under Kikubaaqudgha
 18273 | D:11     | Killed an unseen horror
 18273 | D:11     | Reached skill level 13 in Earth Magic
 18278 | D:11     | Killed an eight-headed hydra
 18517 | D:11     | Noticed a centaur warrior
 18518 | D:11     | Noticed a centaur warrior
 18526 | D:11     | Killed a centaur warrior
 18526 | D:11     | Reached XP level 13. HP: 73/99 MP: 8/26
 18539 | D:11     | Killed a centaur warrior
 19078 | D:12     | Reached skill level 10 in Spellcasting
 19485 | D:12     | Reached skill level 10 in Necromancy
 20003 | D:12     | Noticed Frances
 20025 | D:12     | Killed from afar by Frances

Vault maps used:
D:1:      dpeg_arrival_leaves_temple_mockup
D:2:      bloody_makhleb, first_ration, uniq_terence
D:5:      serial_shops, shop
D:6:      nicolae_overflow_crystal_walls
D:7:      temple_pool_b
D:8:      dpeg_lair_monsters, grunt_livestock
D:9:      david_orc_2, minmay_misc_feat_rows, uniq_psyche
D:10:     grunt_ministairs_12, uniq_grum
D:11:     minmay_cornered_nines, nooodl_food_tri
D:12:     kennysheep_big_empty_room, uniq_frances
Temple:   regret_index_temple_chain_breaker

Skill      XL: |  1  2  3  4  5  6  7  8  9 10 11 12 13 |
---------------+----------------------------------------+-----
Earth Magic    | 4 5 6 7 8 10 11 12 13 | 13.4
Spellcasting   | 3 4 5 6 7 8 9 10 | 10.1
Fighting       | 1 3 5 6 8 |  8.9
Stealth        | 3 5 7 8 |  8.1
Necromancy     | 2 5 7 9 10 | 10.1
Armour         | 1 4 5 6 |  6.0
Dodging        | |  1.9
Transmutations | |  1.1

Action                   |  1- 3 |  4- 6 |  7- 9 | 10-12 | 13-15 || total
-------------------------+-------+-------+-------+-------+-------++-------
Melee: Dagger            |     7 |       |       |       |       ||     7
       Short sword       |    64 |   128 |   233 |   406 |    92 ||   923
       War axe           |       |       |       |    13 |       ||    13
 Cast: Sandblast         |    11 |    66 |    92 |   133 |     7 ||   309
       Passwall          |       |     1 |       |       |       ||     1
       Lee's Rapid Decon |       |       |       |    27 |     4 ||    31
       Stone Arrow       |       |       |       |    26 |    18 ||    44
       Borgnjor's Vile C |       |       |       |    22 |    10 ||    32
       Animate Skeleton  |       |       |       |     4 |       ||     4
  Use: Scroll            |       |     6 |     8 |     4 |     2 ||    20
       Potion            |       |     1 |       |       |       ||     1
 Stab: Sleeping          |     6 |     3 |     3 |    14 |     2 ||    28
       Distracted        |       |     1 |     1 |       |       ||     2
  Eat: Ration            |     1 |     2 |       |     3 |     1 ||     7
       Chunk             |       |     5 |    14 |    27 |     5 ||    51
Armor: Robe              |     5 |    24 |    81 |    52 |       ||   162
       Troll leather arm |       |       |       |    96 |    21 ||   117
Dodge: Dodged            |    41 |   108 |   229 |   520 |    98 ||   996

Table legend:
 A = Spawn XP
 B = Non-spawn XP
 C = Spawn XP percentage of total XP
 D = Spawn monster count
 E = Non-spawn monster count
 F = Spawn count percentage of total count
 G = Total turns spent on level
                    A         B        C        D         E        F      G
               +---------+---------+-------+---------+---------+-------+---------
         Total |       0 |   31705 |   0.0 |       0 |     327 |   0.0 | 20025
               +---------+---------+-------+---------+---------+-------+---------
           D:1 |       0 |      43 |   0.0 |       0 |      25 |   0.0 |  2024
           D:2 |       0 |      68 |   0.0 |       0 |      16 |   0.0 |  1122
           D:3 |       0 |     115 |   0.0 |       0 |      26 |   0.0 |  1650
           D:4 |       0 |     531 |   0.0 |       0 |      18 |   0.0 |  1433
           D:5 |       0 |     672 |   0.0 |       0 |      16 |   0.0 |  1283
           D:6 |       0 |    1021 |   0.0 |       0 |      17 |   0.0 |  1022
           D:7 |       0 |    2345 |   0.0 |       0 |      17 |   0.0 |  1905
           D:8 |       0 |    6273 |   0.0 |       0 |      52 |   0.0 |  2808
           D:9 |       0 |    6820 |   0.0 |       0 |      54 |   0.0 |  2347
          D:10 |       0 |    2634 |   0.0 |       0 |      35 |   0.0 |  1343
          D:11 |       0 |    8702 |   0.0 |       0 |      36 |   0.0 |  2134
          D:12 |       0 |    2481 |   0.0 |       0 |      15 |   0.0 |   876
               +---------+---------+-------+---------+---------+-------+---------
